 Dungeon Crawl Stone Soup version 0.31-a0-234-gad7ace16ef (webtiles) character file.

Game seed: 6720890084956398062

101 qw the Shooter (level 4, -3/26 HPs)
             Began as a Gargoyle Hexslinger on July 9, 2023.
             Slain by Edmund
             ... wielding a +0 flail of holy wrath
              (9 damage)
             ... on level 3 of the Dungeon.
             The game lasted 00:00:43 (2133 turns).

qw the Shooter (Gargoyle Hexslinger)                Turns: 2133, Time: 00:00:44

Health: -3/26      AC:  7    Str: 11    XL:     4   Next: 75%
Magic:  5/5        EV: 17    Int: 14    God:
Gold:   54         SH:  0    Dex: 14    Spells: 4/5 levels left

rFire   . . .        Y - +1 sling
rCold   . . .        (no shield)
rNeg    + . .        c - +0 robe
rPois   inf          (no helmet)
rElec   +            k - +0 cloak
rCorr   .            a - +0 pair of gloves
SInv    .            (no boots)
Will    .....        (no amulet)
Stlth   +            b - +5 ring of evasion
HPRegen 0.24/turn    (no ring)
MPRegen 0.09/turn

%: no passive effects
@: about to teleport
A: sickness immunity, AC +3, negative energy resistance 1, electricity
resistance, torment resistance 1, petrification resistance
a: no special abilities


You were on level 3 of the Dungeon.
You visited 1 branch of the dungeon, and saw 4 of its levels.

You collected 76 gold pieces.
You spent 22 gold pieces at shops.


Innate Abilities, Weirdness & Mutations

You are immune to sickness and miasma.
Your stone body is resilient. (AC +3)
You are immune to poison.
You resist negative energy. (rN+)
You are resistant to electric shocks. (rElec)
You are resistant to unholy torment.
You are immune to petrification.


   Skills:
 - Level 2.0 Fighting
 + Level 4.5 Ranged Weapons
 - Level 1.5 Dodging
 - Level 1.0 Spellcasting
 - Level 2.6 Hexes


You had 4 spell levels left.
You knew the following spells:

 Your Spells              Type           Power      Damage    Failure   Level
a - Slow                  Hex            32%        N/A       9%          1

Your spell library contained the following spells:

 Spells                   Type           Power      Damage    Failure   Level
 Inner Flame              Hex/Fire       4%         N/A       41%         3
 Portal Projectile        Hex/Tloc       8%         N/A       41%         3
 Cause Fear               Hex            4%         N/A       65%         4

Inventory:

Hand Weapons
 Y - a +1 sling (weapon)
Armour
 a - a +0 pair of gloves (worn)
 c - a +0 robe (worn)
 k - a +0 cloak (worn)
Jewellery
 b - a +5 ring of evasion (left hand)
Scrolls
 i - a scroll of identify
Potions
 f - a potion of haste
 g - a potion of enlightenment
 h - a potion of heal wounds {unknown}
 j - a potion of degeneration {unknown}
 l - a potion of lignification {unknown}

Dungeon Overview and Level Annotations

Branches:
Dungeon (4/15)
 Temple: D:4-7

Altars:
The Shining One

Shops:
D:1 ?   D:2 [   D:3 :

Annotations:
D:3 Edmund


Message History

Waypoint 3 assigned to D:4.
You shoot a sling bullet.
The sling bullet hits Edmund but does no damage.
You shoot a sling bullet.
The sling bullet hits Edmund but does no damage.
Edmund hits you with a +0 flail of holy wrath!
2126 ||| STAIRDANCE Edmund misses you.
You climb upwards.
There is a stone staircase leading down here.
Enter note:
Enter note:
Enter note:
Enter note:
Enter note:
Enter note:
Enter note:
Enter note:
Enter note: You shoot a sling bullet.
The sling bullet hits Edmund.
Edmund is lightly wounded.
Edmund misses you.
You shoot a sling bullet.
The sling bullet hits Edmund but does no damage.
Edmund is lightly wounded.
Edmund misses you.
You shoot a sling bullet.
The sling bullet hits Edmund but does no damage.
Edmund is lightly wounded.
Edmund hits you with a +0 flail of holy wrath. x2
You shoot a sling bullet. The sling bullet hits Edmund!
Edmund is moderately wounded.
Edmund hits you with a +0 flail of holy wrath.
2132 ||| READING scroll of teleportation.
As you read the scroll of teleportation, it crumbles to dust.
You feel strangely unstable. Edmund barely misses you.
You shoot a sling bullet. The sling bullet hits Edmund.
Edmund is moderately wounded.
Edmund hits you with a +0 flail of holy wrath!
You die...

#......###.........#.....
#.......##...........####
#...............#.....#
###########.......%...###
#..##...........
####.#.............
####....#.#......###..
#...@####.#....>.#....
#....@.............###
#...####....[.........
##### #.##.....######
########## # #


You could see Edmund.

Vanquished Creatures
  An iguana (D:3)
  3 adders
  A dart slug (D:1)
  An orc (D:3)
  5 bats
  8 endoplasms
  2 giant cockroaches
  4 goblins
  3 hobgoblins
  5 kobolds
  4 ball pythons
  6 frilled lizards
  2 rats
45 creatures vanquished.

Notes
Turn   | Place    | Note
-------+----------+-------------------------------------------
     0 | D:1      | qw the Gargoyle Hexslinger began the quest for the Orb.
     0 | D:1      | Reached XP level 1. HP: 12/12 MP: 2/2
     0 | D:1      | 0 ||| qw: Version: 0.3-a-51-g015441d
     0 | D:1      | 0 ||| qw: Game counter: 4152
     0 | D:1      | 0 ||| qw: Melee chars always use a shield: true
     0 | D:1      | 0 ||| qw: God list: Okawaru
     0 | D:1      | 0 ||| qw: Allow faded altars: false
     0 | D:1      | 0 ||| qw: Do Orc after clearing Dungeon:15 true
     0 | D:1      | 0 ||| qw: Do second Lair branch before Depths: true
     0 | D:1      | 0 ||| qw: Lair rune preference: random
     0 | D:1      | 0 ||| qw: Goals: Normal
     0 | D:1      | 0 ||| PLANNING D:1-11
    17 | D:1      | 17 ||| FLEEEEING.
    18 | D:1      | 18 ||| FLEEEEING.
    19 | D:1      | 19 ||| FLEEEEING.
    20 | D:1      | 20 ||| FLEEEEING.
    53 | D:1      | 53 ||| FLEEEEING.
    54 | D:1      | 54 ||| FLEEEEING.
   104 | D:1      | Reached XP level 2. HP: 13/16 MP: 3/3
   226 | D:1      | Reached skill level 3 in Ranged Weapons
   668 | D:1      | Found Xeatyimm's Magic Scroll Emporium.
   676 | D:1      | 676 ||| SHOPLISTING 2 scrolls of enchant weapon (165 gold,
                  | have 43).
   676 | D:1      | 676 ||| SHOPLISTING scroll of enchant weapon (82 gold, have
                  | 43).
   676 | D:1      | 676 ||| BUYING scroll of identify (22 gold).
   676 | D:1      | Bought a scroll of identify for 22 gold pieces
   676 | D:1      | 676 ||| SHOPLISTING scroll of teleportation (33 gold, have
                  | 21).
   712 | D:1      | Reached XP level 3. HP: 21/21 MP: 4/4
   898 | D:1      | 898 ||| READING scroll labelled DAOZOQ HERETZ.
   902 | D:1      | 902 ||| DRINKING 2 fuming blue potions.
   903 | D:1      | 903 ||| DROPPING scroll of poison.
  1147 | D:2      | 1147 ||| FLEEEEING.
  1148 | D:2      | 1148 ||| FLEEEEING.
  1179 | D:2      | Found Osuiweh's Armour Shop.
  1191 | D:2      | 1191 ||| SHOPLISTING +0 helmet of Snakes and Ladders
                  | {Str+5} (286 gold, have 21).
  1191 | D:2      | 1191 ||| SHOPLISTING +0 leather armour (26 gold, have 21).
  1191 | D:2      | 1191 ||| SHOPLISTING +0 pair of boots of flying (149 gold,
                  | have 21).
  1191 | D:2      | 1191 ||| SHOPLISTING +0 ring mail (52 gold, have 21).
  1191 | D:2      | 1191 ||| SHOPLISTING +2 pair of gloves of dexterity (279
                  | gold, have 21).
  1303 | D:2      | Found a glowing golden altar of the Shining One.
  1486 | D:2      | 1486 ||| UPGRADING to +0 pair of gloves.
  1491 | D:2      | 1491 ||| DROPPING -3 ring mail.
  1492 | D:2      | 1492 ||| DROPPING -3 leather armour.
  1493 | D:2      | 1493 ||| UPGRADING to +0 cloak.
  1498 | D:2      | 1498 ||| DRINKING 2 black potions.
  1602 | D:3      | Found Hagofext's Vocational Training.
  1610 | D:3      | Reached XP level 4. HP: 26/26 MP: 5/5
  1633 | D:3      | Reached skill level 4 in Ranged Weapons
  2093 | D:3      | 2093 ||| UPGRADING to +5 ring of evasion.
  2094 | D:3      | 2094 ||| READING 2 scrolls of identify.
  2094 | D:3      | 2094 ||| IDENTIFYING bubbling purple potion
  2095 | D:3      | 2095 ||| DROPPING potion of brilliance.
  2123 | D:4      | Noticed Edmund
  2126 | D:4      | 2126 ||| STAIRDANCE
  2131 | D:3      | HP: 5/26 [Edmund/+0 flail of holy wrath (6)]
  2132 | D:3      | 2132 ||| READING scroll of teleportation.
  2133 | D:3      | Slain by Edmund

Levels and vault maps discovered:
D:1:      dpeg_arrival_rooms_c, layout_basic, serial_shops, shop
D:2:      layout_loops_ring, serial_shops, nicolae_shop_scrapyard, basic_altar,
          ebering_dispersal_statue_hall
D:3:      layout_rooms, roderic_lattice_a, nicolae_shop_vocational
D:4:      layout_basic, chequers_serial_rivers_micro_d, uniq_edmund

Skill      XL: |  1  2  3  4 |
---------------+-------------+-----
Ranged Weapons | 3 4 |  4.5
Fighting       | 2 |  2.0
Dodging        | |  1.5
Spellcasting   | |  1.0
Hexes          | |  2.6

Action                     |  1- 3 |  4- 6 || total
---------------------------+-------+-------++-------
   Fire: Sling             |    96 |    44 ||   140
    Use: Potion            |     2 |       ||     2
         Scroll            |     1 |     2 ||     3
 Armour: Robe              |    11 |     5 ||    16
  Dodge: Dodged            |    30 |    22 ||    52

Table legend:
 A = Non-vault XP
 B = Vault XP
 C = Vault XP percentage of total XP
 D = Non-vault monster count
 E = Vault monster count
 F = Vault count percentage of total count
                 A         B        C        D         E       F
            +---------+---------+-------+---------+---------+-------
      Total |     145 |       0 |   0.0 |      45 |       0 |   0.0
            +---------+---------+-------+---------+---------+-------
        D:1 |      38 |       0 |   0.0 |      22 |       0 |   0.0
        D:2 |      30 |       0 |   0.0 |      12 |       0 |   0.0
        D:3 |      77 |       0 |   0.0 |      11 |       0 |   0.0
            +---------+---------+-------+---------+---------+-------
